 Dungeon Crawl Stone Soup version 0.27.1-35-g4d5d836560 (console) character file.

Game seed: 15609915381449825142

18828 grimtooth the Tainter (level 12, -2/104 HPs)
             Began as a Naga Venom Mage on Sept 24, 2022.
             Was a Priest of Cheibriados.
             Slain by a two-headed ogre (5 damage)
             ... in a volcano.
             The game lasted 01:53:24 (12932 turns).

grimtooth the Tainter (Naga Venom Mage)            Turns: 12932, Time: 01:53:27

Health: -2/104     AC:  8    Str: 21    XL:     12   Next: 62%
Magic:  5/27       EV: 10    Int: 25    God:    Cheibriados [***...]
Gold:   866        SH:  0    Dex: 21    Spells: 6/19 levels left

rFire    . . .     SeeInvis +   a - +11 long sword "Team" {flame, rCorr}
rCold    . . .     Faith    .   (no shield)
rNeg     . . .     Spirit   .   I - +0 steam dragon scales
rPois    +         Reflect  .   (no helmet)
rElec    .         Harm     .   (no cloak)
rCorr    +         Rampage  .   h - +1 pair of gloves
Will     +....                  (no barding)
Stlth    +++++.....             e - amulet of magic regeneration
HPRegen  0.27/turn              M - +4 ring of slaying
MPRegen  0.45/turn              g - ring of magical power

@: very slow
A: AC +4, large, see invisible, deformed body, poison resistance, slowness 2,
spit poison 1, naga tail 1
a: Spit Poison, Renounce Religion, Bend Time, Temporal Distortion


You were in a volcano.
You worshipped Cheibriados.
Cheibriados was most pleased with you.
You visited 3 branches of the dungeon, and saw 14 of its levels.
You also visited: Ossuary and Volcano.

You collected 866 gold pieces.

Inventory:

Hand Weapons
 a - the +11 long sword "Team" (weapon) {flame, rCorr}
   (You found it on level 6 of the Dungeon)

   It burns those it strikes, dealing additional fire damage.
   Big, fiery blades are also staple armaments of hydra-hunters.
   rCorr:     It protects you from acid and corrosion.
 b - a +4 dagger
Missiles
 i - 106 stones
 r - 67 poisoned darts (quivered)
 B - 5 atropa-tipped darts
 H - 2 throwing nets {=f}
Armour
 h - a +1 pair of gloves (worn)
 I - +0 steam dragon scales (worn)
Magical Staves
 z - a staff of cold
Jewellery
 e - an amulet of magic regeneration (around neck)
 g - a ring of magical power (right hand)
 J - a ring of wizardry
 M - a +4 ring of slaying (left hand)
Wands
 c - a wand of digging (3)
 q - a wand of paralysis (14)
 D - a wand of mindburst (8)
 E - a wand of acid (4)
 G - a wand of polymorph (12)
Scrolls
 d - 4 scrolls of teleportation
 j - a scroll of fog {unknown}
 l - a scroll of amnesia {unknown}
 m - 4 scrolls of vulnerability {unknown}
 n - a scroll of torment {unknown}
 p - 3 scrolls of enchant weapon {unknown}
 s - a scroll of fear {unknown}
 t - a scroll of silence {unknown}
 u - 3 scrolls of magic mapping {unknown}
 y - 6 scrolls of blinking {unknown}
Potions
 f - 2 potions of might {unknown}
 k - 2 potions of mutation {unknown}
 o - 6 potions of curing
 v - 3 potions of cancellation
 w - 3 potions of flight
 C - 2 potions of magic
 F - 2 potions of brilliance
 K - a potion of resistance {unknown}
Miscellaneous
 A - a phial of floods
 L - a box of beasts


   Skills:
 * Level 5.7 Fighting
 + Level 4.2 Long Blades
 - Level 1.5 Dodging
 - Level 12.0 Stealth
 - Level 4.0 Spellcasting
 - Level 6.0 Conjurations
 - Level 6.0 Transmutations
 - Level 9.0 Earth Magic
 - Level 12.0 Poison Magic
 - Level 9.0 Invocations


You had 6 spell levels left.
You knew the following spells:

 Your Spells              Type           Power      Damage    Failure   Level
a - Sandblast             Erth           100%       2d20      1%          1
b - Poisonous Vapours     Pois/Air       70%        N/A       1%          2
c - Mephitic Cloud        Conj/Pois/Air  35%        N/A       2%          3
e - Sting                 Tmut/Pois      100%       1d8       1%          1
r - Olgreb's Toxic Radia  Pois           60%        N/A       1%          4
w - Passwall              Tmut/Erth      35%        N/A       1%          2

Your spell library contained the following spells:

 Spells                   Type           Power      Damage    Failure   Level
 Magic Dart               Conj           100%       1d8       1%          1
 Searing Ray              Conj           70%        3d5       1%          2
 Shock                    Conj/Air       80%        1d8       2%          1
 Lee's Rapid Deconstruct  Erth           25%        3d15*     6%          5
 Blade Hands              Tmut           17%        N/A       22%         5
 Irradiate                Conj/Tmut      17%        3d19      22%         5
 Swiftness                Air            5%         N/A       26%         3
 Fulminant Prism          Conj/Hex       10%        3d9       26%         4
 Lightning Bolt           Conj/Air       10%        1d23      58%         5
 Airstrike                Air            2%         N/A       65%         4
 Summon Lightning Spire   Summ/Air       5%         N/A       65%         4
 Invisibility             Hex            2%         N/A       100%        6
 Dragon Form              Tmut           17%        N/A       100%        7


Dungeon Overview and Level Annotations

Branches:
Dungeon (9/15)             Temple (1/1) D:4            Lair (4/6) D:9
  Swamp (0/4) Lair:3       Spider (0/4) Lair:3          Orc (0/2) D:9
Ossuary (visited)         Volcano (1/1)

Altars:
Ashenzari
Cheibriados
Elyvilon
Fedhas
Gozag
Hepliaklqana
Kikubaaqudgha
Makhleb
Nemelex Xobeh
Okawaru
Qazlal
Ru
Trog
Uskayaw
Wu Jian
Xom
Yredelemnul
Zin
The Shining One

Annotations:
D:3 exclusion: ice beast, Grinder
D:4 Dowan, Duvessa
D:8 dig
Lair:3 3 runed translucent doors, grimtooth's ghost, journeyman DDNe


Innate Abilities, Weirdness & Mutations

Your serpentine skin is tough. (AC +4)
You have supernaturally acute eyesight. (SInv)
Armour fits poorly on your strangely shaped body.
Your system is resistant to poisons. (rPois)
You cover ground very slowly.
You can spit poison.
You have a snake-like lower body.


Message History

The two-headed ogre hits you with a +1 great mace of flaming.
The two-headed ogre burns you.
The two-headed ogre hits you with a +0 giant club of flaming!
* * * LOW HITPOINT WARNING * * *
The two-headed ogre burns you.
* * * LOW HITPOINT WARNING * * *
The hell knight is engulfed in noxious fumes.
The hell knight gestures wildly.
The hell knight hits the two-headed ogre with a +1 halberd of flaming!
The hell knight burns the two-headed ogre.
Okay, then.
Press: ? - help, v - describe, . - travel
Here: a two-headed ogre, wielding a +0 great mace of flaming and a +0 giant club of flaming A large open door.
You can feel time thicken for a moment.
You can no longer inflict damage on those overly hasty.
Cheibriados lowers the support of your attributes as your movement quickens.
The hell knight mumbles something.
Okay, then.
Press: ? - help, v - describe, . - travel
Here: a two-headed ogre, wielding a +0 great mace of flaming and a +0 giant club of flaming (heavily wounded)
The floor, spattered with blood.
Enter note: - uh-oh
Press: ? - help, v - describe, . - travel
Here: a two-headed ogre, wielding a +0 great mace of flaming and a +0 giant club of flaming (heavily wounded)
The floor, spattered with blood.
Press: ? - help, v - describe, . - travel
Here: a hell knight, wielding a +1 halberd of flaming and wearing a +0 chain mail of fire resistance (noxious fumes, heavily wounded, confused)
The floor.
Okay, then.
The flow of time bends around you.
Cheibriados rebukes the two-headed ogre.
The two-headed ogre seems to slow down.
The hell knight resists with some effort.
Cheibriados rebukes the two-headed ogre.
The two-headed ogre seems to slow down.
The two-headed ogre easily resists.
The two-headed ogre hits you with a +0 giant club of flaming!!
* * * LOW HITPOINT WARNING * * *
The two-headed ogre burns you.
You die...

'.._..' .
#.....#. §
#######. #§
+$).!$' .#§ .
#..≈..# ..#§
...#8≈≈≈8#)..#
#..'..○OO'..#
#..'..O@)'..#≈≈
≈##.#8..p8#.##≈≈
§≈###.....###≈≈≈
≈≈≈§§.....§≈≈≈≈#
§≈≈≈≈8...8≈§§≈#
≈≈≈≈§§....≈≈###
##≈≈≈.....≈≈#
#§≈§8...8≈##
####.°...##


You could see a hell knight (confused) and 3 two-headed ogres.

Vanquished Creatures
  A hydra (Lair:3)
  An ogre mage (Volcano)
  3 two-headed ogres (Volcano)
  A manticore (D:7)
  4 black mambas
  7 cane toads
  A torpor snail (Lair:3)
  2 rime drakes
  3 komodo dragons
  3 tyrant leeches (Lair:3)
  3 redbacks (Lair:3)
  27 yaks
  2 basilisks (Lair:2)
  A steam dragon (D:9)
  4 water moccasins
  4 orc warriors
  2 ice beasts
  14 wolves
  A sky beast (D:6)
  A black bear (D:6)
  2 necrophages
  A centaur (D:9)
  3 ogres
  2 phantoms (D:7)
  10 bullfrogs
  4 scorpions
  A water moccasin zombie (D:5)
  9 killer bees
  5 wights (D:9)
  3 howler monkeys
  A jelly (D:6)
  A centaur zombie (D:7)
  2 hounds (D:4)
  A gnoll shaman (D:8)
  7 orc priests
  Ijyb (D:3)
  4 iguanas
  9 orc wizards
  A hound zombie (D:5)
  8 mummies (Ossuary)
  3 howler monkey zombies
  4 gnolls (D:8)
  6 adders
  A white imp (D:7)
  2 worms
  35 orcs
  8 endoplasms
  4 giant cockroaches
  A gnoll zombie (Ossuary)
  8 goblins
  11 hobgoblins
  4 jackals (D:1)
  5 quokkas
  12 ball pythons
  5 bats
  6 frilled lizards
  A hobgoblin zombie (Ossuary)
  6 kobolds
  2 kobold zombies (Ossuary)
  4 orc zombies (Ossuary)
  7 rats
  A butterfly (D:4)
296 creatures vanquished.

Vanquished Creatures (collateral kills)
  2 killer bees (D:8)
2 creatures vanquished.

Vanquished Creatures (others)
  23 fungi
  30 plants
53 creatures vanquished.

Grand Total: 351 creatures vanquished

Notes
Turn   | Place    | Note
-------+----------+-------------------------------------------
     0 | D:1      | grimtooth the Naga Venom Mage began the quest for the Orb.
     0 | D:1      | Reached XP level 1. HP: 15/15 MP: 3/3
   333 | D:1      | Reached XP level 2. HP: 22/22 MP: 1/5
   336 | D:1      | Learned a level 2 spell: Poisonous Vapours
   869 | D:1      | Reached XP level 3. HP: 26/28 MP: 2/6
  1424 | D:1      | Reached skill level 5 in Poison Magic
  1583 | D:2      | Reached XP level 4. HP: 36/36 MP: 8/8
  1917 | D:2      | Found a faded altar of an unknown god.
  1999 | D:3      | Noticed Ijyb
  2018 | D:3      | Paralysed by Ijyb for 2 turns
  2019 | D:3      | Killed Ijyb
  2058 | D:3      | Noticed an ice beast
  2111 | D:3      | Reached XP level 5. HP: 41/42 MP: 9/9
  2177 | D:3      | Noticed Grinder
  2416 | D:4      | Noticed Duvessa
  2416 | D:4      | Noticed Dowan
  2545 | D:4      | Noticed an ice beast
  2864 | D:4      | Found a staircase to the Ecumenical Temple.
  2944 | D:4      | Reached skill level 5 in Stealth
  2947 | Temple   | Entered the Ecumenical Temple
  3048 | Temple   | Became a worshipper of Cheibriados the Contemplative
  3147 | D:3      | Reached XP level 6. HP: 42/49 MP: 11/11
  3402 | D:4      | Killed an ice beast
  3684 | D:5      | Entered Level 5 of the Dungeon
  3750 | D:5      | Reached * piety under Cheibriados
  3751 | D:5      | Reached XP level 7. HP: 47/55 MP: 12/12
  4085 | D:5      | Found an iron altar of Okawaru.
  4371 | D:5      | Found the +15 Maxwell's patent armour {-Cast -Tele rElec
                  | Will+ rCorr}
  4789 | D:6      | Reached XP level 8. HP: 48/62 MP: 14/14
  4994 | D:5      | Reached skill level 10 in Poison Magic
  5167 | D:6      | Found a white marble altar of Elyvilon.
  5173 | D:6      | Identified the +11 long sword "Team" {flame, rCorr}
  5202 | D:6      | Reached ** piety under Cheibriados
  5608 | D:6      | - the stones pay off! for once
  5610 | D:6      | Learned a level 1 spell: Sandblast
  5614 | D:6      | Learned a level 3 spell: Mephitic Cloud
  5736 | D:6      | Learned a level 2 spell: Passwall
  5810 | D:7      | Reached skill level 1 in Earth Magic
  5839 | D:7      | Found an ornate altar of the Wu Jian Council.
  5886 | D:7      | Found a sand-covered staircase.
  5894 | Ossuary  | Entered an ossuary
  5925 | Ossuary  | Reached XP level 9. HP: 68/68 MP: 15/15
  5991 | Ossuary  | Reached *** piety under Cheibriados
  6220 | Ossuary  | Identified a scroll of acquirement
  6465 | D:7      | Noticed a manticore
  6471 | D:7      | Killed a manticore
  6557 | D:7      | Reached skill level 5 in Earth Magic
  7180 | D:8      | Reached **** piety under Cheibriados
  7468 | D:8      | Found a glowing silver altar of Zin.
  7531 | D:8      | Reached skill level 10 in Stealth
  7531 | D:8      | Reached XP level 10. HP: 62/75 MP: 16/16
  7631 | D:8      | Found a hazy altar of Hepliaklqana.
  7738 | D:9      | Found a blossoming altar of Fedhas.
  7771 | D:9      | Found a staircase to the Lair.
  8053 | D:9      | Found a staircase to the Orcish Mines.
  8146 | D:9      | Reached skill level 5 in Transmutations
  8205 | D:9      | Reached ***** piety under Cheibriados
  8286 | D:9      | Found a sparkling altar of Nemelex Xobeh.
  8494 | Lair:1   | Entered Level 1 of the Lair of Beasts
  8501 | Lair:1   | Noticed a cane toad
  8609 | Lair:1   | Noticed a cane toad
  8792 | Lair:1   | Noticed a black mamba
  8847 | Lair:1   | Killed a cane toad
  8853 | Lair:1   | Killed a black mamba
  9074 | Lair:1   | Reached skill level 1 in Invocations
  9077 | Lair:1   | HP: 2/75 [yak (12)]
  9078 | Lair:1   | - crap
  9078 | Lair:1   | - big gamble...
  9079 | Lair:1   | - well im still alive...
  9083 | Lair:1   | Reached XP level 11. HP: 17/81 MP: 17/17
  9087 | Lair:1   | - fun!
  9639 | Lair:1   | You fall into a shaft and drop 1 floor!
  9777 | Lair:1   | Reached skill level 5 in Invocations
 10496 | Lair:1   | Reached skill level 1 in Conjurations
 10684 | Lair:1   | Learned a level 4 spell: Olgreb's Toxic Radiance
 11771 | Lair:3   | Found a runed translucent gate.
 11772 | Lair:3   | Found a runed translucent gate.
 11772 | Lair:3   | Noticed a nine-headed hydra
 11773 | Lair:3   | Found a runed translucent gate.
 11784 | Lair:3   | Noticed grimtooth's ghost (journeyman DDNe)
 11784 | Lair:3   | Noticed an 11-headed hydra
 11863 | Lair:3   | Noticed a seven-headed hydra
 11866 | Lair:3   | Reached skill level 5 in Conjurations
 11872 | Lair:3   | - well crap
 11873 | Lair:3   | Killed a seven-headed hydra
 11874 | Lair:3   | Reached XP level 12. HP: 10/88 MP: 8/18
 12107 | Lair:3   | Reached skill level 1 in Fighting
 12122 | Lair:3   | Reached skill level 1 in Long Blades
 12403 | Lair:3   | Found a hole to the Spider Nest.
 12613 | Lair:3   | Found a staircase to the Swamp.
 12845 | Lair:4   | Found a dark tunnel.
 12856 | Lair:4   | Noticed a five-headed hydra
 12883 | Volcano  | Entered a volcano
 12906 | Volcano  | Noticed an ogre mage
 12909 | Volcano  | Paralysed by an ogre mage for 5 turns
 12916 | Volcano  | Killed an ogre mage
 12917 | Volcano  | Found a bloodstained altar of Trog.
 12917 | Volcano  | Noticed a hell knight
 12917 | Volcano  | Noticed a two-headed ogre
 12917 | Volcano  | Noticed a two-headed ogre
 12917 | Volcano  | Noticed a two-headed ogre
 12919 | Volcano  | Noticed a two-headed ogre
 12923 | Volcano  | Killed a two-headed ogre
 12924 | Volcano  | Reached skill level 5 in Fighting
 12924 | Volcano  | Killed a two-headed ogre
 12924 | Volcano  | Noticed a two-headed ogre
 12925 | Volcano  | Noticed a two-headed ogre
 12928 | Volcano  | Killed a two-headed ogre
 12932 | Volcano  | - uh-oh
 12932 | Volcano  | HP: 3/104 [two-headed ogre (25)]
 12932 | Volcano  | Slain by a two-headed ogre

Illustrated notes

### #.. ###### ####... #....#
.... #...### ##....# ##### .....
..#.. #.....########...# . ...[.
#.... ##........#.#...@# #. ...
##.##. .................# #..
##.##.....
..........#....####....#........#
..........#...........#......).##
...............#............####
..............####.....###...#.##
..............## #....# ##.......
...............###....###..#####.
........................#........


Turn 5608 on D:6: - the stones pay off! for once ...# ....## ....P ....# #...#
#...# ##...## #@Y☼..# ##Y...# #○Y.## ## #Y..# ....##...## ..........#
....###...# #)# ##...# # #P...## Turn 9078 on Lair:1: - crap ...# ....## ....P
....# #...# #...# ##...## #@Y☼..# ##Y...# #○Y.## ## #Y..# ....##...##
..........# ....###...# #)# ##...# # #P...## Turn 9078 on Lair:1: - big
gamble... ...# ....## ....P ....# #...# #...# ##...## #♣Y○..# ##Y...# #○Y.## ##
#...# ....##Y..## ..........# ....###...# #)# ##...# # #P...## Turn 9079 on
Lair:1: - well im still alive... ...# ....## ....P ....# #...# #...# ##...##
#♣††..# ##†...# #...## ## #...# ....##...## ..........# ....###...# #)# ##...# #
#P...## Turn 9087 on Lair:1: - fun! ..........# #........ ...........##
......... ...^........# ##........ ...........###.........
##...............(.... ##......#.##......... #.........###........
^........#.###....>... ........#...#@D....... s.....................
^.................... ....##P............. ##...##P....... #### ##.##..## ## ###
Turn 11872 on Lair:3: - well crap '.._..' . #.....#. ≈ #######. #§ +$).!$' .#§ .
#..≈..# ..#§ ...#8≈≈≈8#)..# #..'..○OO'..# #..'..O@)'..#≈≈ ≈##.#8..p8#.##≈≈
§≈###.....###≈≈≈ ≈≈≈§§.....§≈≈≈≈# §≈≈≈≈8...8≈§§≈# ≈≈≈≈≈§....≈≈### ##≈≈≈.....≈≈#
#§≈§8...8≈## ####.°...## Turn 12932 on Volcano: - uh-oh

Levels and vault maps discovered:
D:1:      eino_arrival_cavern_b, layout_basic
D:2:      layout_basic, shapermc_ecumenical_altar_mp_highgroup, nrook_campfire,
          minmay_small_reverse_x
D:3:      layout_basic, dk_vineyard_2, dk_noncrumbling_3, uniq_grinder,
          uniq_ijyb
D:4:      layout_gridville, minmay_temple_entry_butterflies, serial_rivers,
          chequers_serial_rivers_micro_a, chequers_serial_rivers_small_b,
          chequers_serial_rivers_micro_a, chequers_serial_rivers_micro_a,
          chequers_serial_rivers_micro_c, minmay_hedge_maze, uniq_duvessa
D:5:      layout_basic, mainiacjoe_overflow_brackets,
          hangedman_abyss_or_decor_stagger, serial_bayou_pond_b
D:6:      corexii_shack_village, layout_cave_pools, mainiacjoe_overflow_chevrons
D:7:      layout_basic, kennysheep_mini_moat, nicolae_ossuary_entry_monument
D:8:      layout_gridville, zin_treasury, overflow_temple_1_default,
          serial_glass, glass_columns_b, glass_columns_c, glass_columns_b,
          glass_columns_c, glass_columns_a
D:9:      layout_loops_ring, fedhas_ov_isle_minmay, nemelex_spade_bored_becter,
          dpeg_oklobed_lair
Temple:   minmay_temple_bridge_abc
Lair:1:   layout_gridlike, grunt_megastairs_1
Lair:2:   layout_roguey, patterned_corridor
Lair:3:   layout_gridlike, minmay_swamp_entry_worms, spider_nest_entry_webs,
          gammafunk_ghost_hydra_chop
Lair:4:   regret_index_wax_grids, layout_loops_ring,
          nicolae_volcano_entry_lava_flow, lemuel_fruit_fields
Volcano:  kennysheep_volcano_temple

Skill      XL: |  1  2  3  4  5  6  7  8  9 10 11 12 |
---------------+-------------------------------------+-----
Poison Magic   | 5 6 7 9 11 12 | 12.0
Stealth        | 4 5 6 7 9 10 11 12 | 12.0
Spellcasting   | 3 4 |  4.0
Earth Magic    | 2 6 8 9 |  9.0
Transmutations | 3 6 |  6.0
Invocations    | 2 8 9 |  9.0
Conjurations   | 5 6 |  6.0
Fighting       | 5 |  5.7
Long Blades    | 4 |  4.2
Dodging        | |  1.5

Action                   |  1- 3 |  4- 6 |  7- 9 | 10-12 || total
-------------------------+-------+-------+-------+-------++-------
Melee: Dagger            |     1 |    39 |    33 |     7 ||    80
       Long sword        |       |       |    79 |    89 ||   168
Throw: Dart              |       |    32 |    61 |    25 ||   118
 Cast: Sting             |    93 |    86 |   115 |    70 ||   364
       Poisonous Vapours |       |     7 |    29 |    25 ||    61
       Sandblast         |       |       |    43 |    60 ||   103
       Mephitic Cloud    |       |       |     8 |    22 ||    30
       Olgreb's Toxic Ra |       |       |       |     3 ||     3
       Passwall          |       |       |       |     1 ||     1
Invok: Bend Time         |       |       |     2 |     3 ||     5
       Slouch            |       |       |       |     7 ||     7
Evoke: Wand              |       |     1 |     5 |     8 ||    14
  Use: Scroll            |       |     1 |     8 |     5 ||    14
       Potion            |       |       |     1 |     8 ||     9
 Stab: Sleeping          |       |     4 |     5 |    11 ||    20
       Paralysed         |       |     2 |     2 |       ||     4
       Confused          |       |       |     6 |    12 ||    18
Armor: Robe              |     8 |    19 |    25 |       ||    52
       Steam dragon scal |       |       |       |    52 ||    52
       Skin              |       |       |       |     6 ||     6
Dodge: Dodged            |    24 |    32 |    66 |    89 ||   211
       Rpst.: Long sword |       |       |     8 |    28 ||    36
